 Dungeon Crawl Stone Soup version 0.26-a0-1033-gd598b01645 (webtiles) character file.

Game seed: 7921251285861965899

1 tzalcoatl the Skirmisher (level 1, -4/15 HPs)
             Began as a Halfling Abyssal Knight on Dec 10, 2020.
             Was an Initiate of Lugonu.
             Slain by a gnoll
             ... wielding a +0 flail
              (6 damage)
             ... on level 1 of the Dungeon.
             The game lasted 00:01:32 (108 turns).

tzalcoatl the Skirmisher (Halfling Abyssal Knight)   Turns: 108, Time: 00:01:32

Health: -4/15      AC:  3    Str: 13    XL:     1   Next: 22%
Magic:  2/2        EV: 13    Int: 10    God:    Lugonu [......]
Gold:   0          SH:  0    Dex: 13    Spells: 0/0 levels left

rFire    . . .     SeeInvis .   a - +1 falchion
rCold    . . .     Faith    .   (shield restricted)
rNeg     . . .     Spirit   .   b - +0 leather armour
rPois    .         Reflect  .   (no helmet)
rElec    .         Harm     .   (no cloak)
rCorr    .         Rampage  .   (no gloves)
Will     .....                  (no boots)
Stlth    +.........             (no amulet)
HPRegen  0.05/turn              (no ring)
MPRegen  0.08/turn              (no ring)

@: no status effects
A: small, mutation resistance 1
a: Renounce Religion


You were on level 1 of the Dungeon.
You worshipped Lugonu.
Lugonu was noncommittal.
You visited 1 branch of the dungeon, and saw 1 of its levels.
You visited the Abyss 1 time.

Inventory:

Hand Weapons
 a - a +1 falchion (weapon)
Armour
 b - a +0 leather armour (worn)
Scrolls
 c - 2 scrolls of identify {unknown}
 d - 3 scrolls of amnesia {unknown}


   Skills:
 + Level 2.7 Fighting
 + Level 2.0 Long Blades
 + Level 2.2 Armour
 + Level 1.1 Dodging
 + Level 2.0 Invocations


You couldn't memorise any spells.
You didn't know any spells.
Your spell library was empty.

Dungeon Overview and Level Annotations

Branches:
Dungeon (1/15)

Altars:


Innate Abilities, Weirdness & Mutations

You are small and have problems with some larger weapons.
You are somewhat resistant to further mutation.


Message History

Ouch! That really hurt!
You are too injured to fight recklessly!
You are too injured to fight recklessly!
You are too injured to fight recklessly!
You barely miss the gnoll.
The gnoll is heavily wounded.
The gnoll misses you.
You completely miss the gnoll.
The gnoll is heavily wounded.
A hobgoblin comes into view. It is wielding a +0 club.
The gnoll barely misses you.
The hobgoblin shouts!
You hit the gnoll.
The gnoll is severely wounded.
The gnoll barely misses you. The hobgoblin hits you with a +0 club.
* * * LOW HITPOINT WARNING * * *
Found a dagger.
The gnoll hits you with a +0 flail.
You die...

.....#. . .#..?.## #
... ##....#. .#
....#......##.#
......#...#..# ####
.##..#.w#...# ..#
)......#...# #.#
..##....g.##. ###<#
#...g.g#@.#.# #..##
#...##..#.#.##. #.#.##
#(.#..#...#..#.#.. ##.#
......##.##..##.####..#
.#...#.....#.#..#..###
#....#...#..##..##..#
...#...#..##...#..#.#
####### ##########


You could see a gnoll and a dart slug.

Vanquished Creatures
  A goblin (D:1)
1 creature vanquished.

Notes
Turn   | Place    | Note
-------+----------+-------------------------------------------
     0 | Abyss:1  | tzalcoatl the Halfling Abyssal Knight began the quest for
                  | the Orb.
     0 | Abyss:1  | Reached XP level 1. HP: 15/15 MP: 2/2
    61 | Abyss:1  | Noticed a large abomination
    62 | D:1      | Escaped the Abyss
   108 | D:1      | Slain by a gnoll

Illustrated notes

Levels and vault maps discovered:
D:1:      erik_arrival_cave_to_civilisation [erik_arrival_cave_to_temple],
          layout_basic

Action                   || total
-------------------------++-------
Melee: Falchion          ||     8
Invok: Depart the Abyss  ||     1
Dodge: Dodged            ||     8
       Rpst.: Falchion   ||     1

Table legend: (Time is in decaauts)
 A = Elapsed time spent in this place.
 B = Non-inter-level travel time spent in this place.
 C = Inter-level travel time spent in this place.
 D = Time resting spent in this place.
 E = Time spent auto-exploring this place.
 F = Levels seen in this place.
 G = Mean time per level.
                   A        B        C        D        E       F      G
               +--------+--------+--------+--------+--------+-----+--------+
         Total |    109 |    109 |      0 |      0 |     40 |   2 |   54.5 |
       Dungeon |     47 |     47 |      0 |      0 |     28 |   1 |   47.0 |
         Abyss |     62 |     62 |      0 |      0 |     12 |   1 |   62.0 |
               +--------+--------+--------+--------+--------+-----+--------+

Top non-repeatable levels by time:
 Abyss:1: 62 daAuts
     D:1: 47 daAuts
